 Dungeon Crawl Stone Soup version 0.29.0-15-g675c0067aa (webtiles) character file.

Game seed: 9215642554044030409

51821 keekatzer the Grappler (level 14, -2/154 (162) HPs)
             Began as a Troll Transmuter on Sept 11, 2022.
             Was a Priest of Ru.
             Slain by a boulder beetle (23 damage)
             ... on level 12 of the Dungeon.
             The game lasted 01:36:29 (11168 turns).

keekatzer the Grappler (Troll Transmuter)          Turns: 11168, Time: 01:36:29

HP:   -2/154 (162)  AC:  3    Str: 27    XL:     14   Next: 24%
MP:   18/18         EV: 12    Int: 15    God:    Ru [***...]
Gold: 411           SH:  0    Dex: 14    Spells: 13/20 levels left

rFire   x . .      SeeInvis .     - Unarmed
rCold   + + +      Faith    .   (shield currently unavailable)
rNeg    . . .      Spirit   .   (body armour currently unavailable)
rPois   +          Reflect  .   (helmet currently unavailable)
rElec   .          Harm     .   (cloak currently unavailable)
rCorr   +          Rampage  .   (gloves unavailable)
Will    +....                   (boots unavailable)
Stlth   +.........              H - amulet of regeneration
HPRegen 1.95/turn               A - ring "Wolang" {rPois rCorr Str+6}
MPRegen 0.16/turn               j - +6 ring of intelligence

@: exhausted, ice-form, wereblooded, lightly drained
A: freezing attack, amphibious, boosted hp, large, unfitting armour, (claws 3),
regeneration 1, (shaggy fur 1), (tough skin 1), hated by all, reduced AC 1
a: End Transformation, Renounce Religion, Draw Out Power


You were on level 12 of the Dungeon.
You worshipped Ru.
Ru was most pleased with you.
You were a creature of crystalline ice.
You visited 3 branches of the dungeon, and saw 18 of its levels.

You collected 1011 gold pieces.
You spent 600 gold pieces at shops.

Inventory:

Hand Weapons
 M - a +2 great mace of protection
Missiles
 N - a throwing net
Armour
 s - a +1 cloak (melded)
 R - a +0 troll leather armour (melded)
 W - +0 acid dragon scales
Jewellery
 a - a +6 ring of intelligence
 g - a +6 ring of strength
 j - a +6 ring of intelligence (right front paw)
 u - a ring of protection from cold
 A - the ring "Wolang" (left front paw) {rPois rCorr Str+6}
   (You found it on level 7 of the Dungeon)

   [ring of strength]

   Str:       It affects your strength (+6).
   rPois:     It protects you from poison.
   rCorr:     It protects you from acid and corrosion.
 C - a ring of willpower
 H - an amulet of regeneration (around neck)
 O - an amulet of reflection
 U - a ring of fire
Wands
 r - a wand of polymorph (12)
 x - a wand of digging (6)
 z - a wand of iceblast (14)
 Q - a wand of charming (3)
 T - a wand of light (18)
Scrolls
 d - 5 scrolls of blinking
 h - 5 scrolls of enchant armour {unknown}
 k - 4 scrolls of fog {unknown}
 l - 4 scrolls of teleportation {unknown}
 m - 2 scrolls of identify
 p - a scroll of summoning {unknown}
 t - 4 scrolls of fear {unknown}
 v - 3 scrolls of amnesia {unknown}
 y - a scroll of acquirement {unknown}
 B - 3 scrolls of noise {unknown}
 E - a scroll of torment {unknown}
 F - a scroll of silence {unknown}
 I - a scroll of immolation {unknown}
 J - a scroll of magic mapping {unknown}
 K - a scroll of enchant weapon {unknown}
 S - a scroll of poison {unknown}
 X - a scroll of vulnerability {unknown}
Potions
 b - 10 potions of lignification
 c - 2 potions of attraction
 e - 3 potions of mutation
 f - 16 potions of curing
 i - 3 potions of might
 n - 2 potions of berserk rage
 o - 4 potions of flight
 q - 5 potions of haste
 w - 2 potions of heal wounds
 D - 4 potions of brilliance
 L - a potion of ambrosia
 P - 2 potions of cancellation
Miscellaneous
 G - a piece from Xom's chessboard (15/15)
 V - a condenser vane


   Skills:
 * Level 7.9 Fighting
 + Level 6.7 Dodging
 * Level 13.3 Unarmed Combat
 + Level 3.6 Spellcasting
 + Level 9.7 Transmutations
 + Level 9.6 Ice Magic
 * Level 0.6 Evocations


You had 13 spell levels left.
You knew the following spells:

 Your Spells              Type           Power      Damage    Failure   Level
a - Beastly Appendage     Tmut           62%        N/A       1%          1
b - Wereblood             Tmut           31%        N/A       1%          2
c - Ice Form              Ice/Tmut       31%        N/A       3%          4

Your spell library contained the following spells:

 Spells                   Type           Power      Damage    Failure   Level
 Spider Form              Tmut/Pois      17%        N/A       8%          3
 Ignite Poison            Fire/Tmut/Pois 12%        N/A       16%         3
 Dazzling Flash           Conj/Hex       4%         N/A       50%         3
 Gell's Gravitas          Tloc           2%         N/A       50%         3
 Mephitic Cloud           Conj/Pois/Air  2%         N/A       50%         3
 Teleport Other           Tloc           2%         N/A       50%         3
 Freezing Cloud           Conj/Ice/Air   6%         6-21      80%         5
 Agony                    Necr           2%         N/A       99%         5
 Iskenderun's Battlesphe  Conj           2%         2d6       99%         5
 Manifold Assault         Tloc           2%         N/A       99%         5
 Silence                  Hex/Air        1%         N/A       99%         5
 Dispersal                Tloc           1%         N/A       100%        6
 Iron Shot                Conj/Erth      1%         9d1       100%        6
 Summon Small Mammal      Summ           Unusable   N/A       N/A         1
 Call Canine Familiar     Summ           Unusable   N/A       N/A         3
 Summon Guardian Golem    Hex/Summ       Unusable   N/A       N/A         3
 Spellforged Servitor     Conj/Summ      Unusable   N/A       N/A         7

Dungeon Overview and Level Annotations

Branches:
Dungeon (12/15)            Temple (1/1) D:6            Lair (5/5) D:8
 Shoals (0/4) Lair:2       Spider (0/4) Lair:3        Slime (0/5) Lair:5
    Orc (0/2) D:12

Altars:
Ashenzari
Cheibriados
Dithmenos
Elyvilon
Gozag
Kikubaaqudgha
Makhleb
Nemelex Xobeh
Okawaru
Qazlal
Ru
Sif Muna
Trog
Uskayaw
Vehumet
Wu Jian
Xom
Zin
The Shining One

Shops:
D:5 !   D:9 :[

Annotations:
Lair:1 2 transporters
Lair:5 2 runed translucent doors


Innate Abilities, Weirdness & Mutations

You are a creature of crystalline ice.
You have a powerful freezing melee attack.
You are amphibious.
Your maximum health is increased.
Your armour is entirely melded.
You are incapable of wielding weapons or throwing items.
You are too large for most types of armour.
((You have claws for hands.))
Your natural rate of healing is unusually fast.
((You are covered in fur. (AC +1)))
((You have tough skin. (AC +1)))
You are hated by all.
You take slightly more damage. (AC -5)


Message History

The large slime creature hits you! The large slime creature hits you!!
Press: ? - help, v - describe, . - travel
Here: a large slime creature (almost dead)
The floor.
You completely miss the large slime creature.
The large slime creature is almost dead.
A large slime creature splits.
You punch the slime creature! You freeze the slime creature.
You feel a bit better.
You kill the slime creature!
The large slime creature hits you!
* * * LOW HITPOINT WARNING * * *
You pulverise the slime creature!!!
You freeze the slime creature.
You feel a bit better.
You kill the slime creature!
The large slime creature hits you!!
* * * LOW HITPOINT WARNING * * *
You are restored by drawing out deep reserves of power within.
You feel drained.
A large slime creature splits.
You pummel the slime creature like a punching bag!!!
You freeze the slime creature!
You feel a bit better.
You kill the slime creature!
You hit the slime creature. You freeze the slime creature.
The slime creature is severely wounded.
The slime creature hits you!
You pummel the slime creature!! You freeze the slime creature.
You feel a bit better.
You kill the slime creature!
You hit the boulder beetle. You freeze the boulder beetle.
The boulder beetle is lightly wounded.
The boulder beetle hits you!!!
* * * LOW HITPOINT WARNING * * *
The boulder beetle stops rolling and uncurls.
Okay, then.
You feel much better. The boulder beetle bites you!!
* * * LOW HITPOINT WARNING * * *
You pummel the boulder beetle!! You freeze the boulder beetle!
The boulder beetle is severely wounded.
The boulder beetle bites you!!
You die...

## .# ######### #######
.### #.......# ......(
...# #.......# .......
.#.####.......# .......
........#.#...####.......
........###...##.B)......
......#.##....'.Y#○......
......###.....####.......
#....###......# #######
.#.#.# #'###### #8.8## #.
##'## # #...# #.>.# #...#


You could see a boulder beetle.

Vanquished Creatures
  5 hydras
  2 boulder beetles
  A two-headed ogre (D:11)
  Urug (Lair:2)
  4 skeletal warriors (D:11)
  Amaemon (Lair:3)
  A lindwurm (Lair:4)
  Pikel (D:7)
  A deep elf pyromancer (D:12)
  An ugly thing (D:12)
  2 cyclopes (D:12)
  7 slime creatures
  10 elephants
  2 manticores (D:12)
  3 black mambas
  2 gargoyles
  A torpor snail (Lair:2)
  9 cane toads
  4 rime drakes
  11 komodo dragons
  An orange demon (Lair:3)
  A meliai (Lair:3)
  3 polar bears
  2 trolls (D:9)
  2 hornets
  23 blink frogs
  Prince Ribbit (D:7)
  Sigmund (D:3)
  A shadow (D:11)
  A wraith (D:11)
  6 wyverns
  4 basilisks
  77 yaks
  Eustachio (D:6)
  Grum (D:9)
  5 vampire mosquitoes
  An acid dragon (D:12)
  12 water moccasins
  An ice beast (D:6)
  7 black bears
  5 orc warriors
  An ogre (D:6)
  7 wolves
  2 centaurs
  A phantom (D:6)
  A lemure (D:7)
  2 kobold brigands (D:9)
  12 bullfrogs
  3 necrophages
  4 gnoll sergeants
  10 scorpions
  A wight (D:8)
  13 killer bees
  3 howler monkeys
  An electric eel (Lair:2)
  3 hounds
  2 jellies
  4 orc priests
  A gnoll bouda (D:7)
  13 orc wizards
  9 iguanas
  A statue (D:3)
  20 gnolls
  8 adders
  A shadow imp (D:7)
  A white imp (D:6)
  An ufetubus (D:7)
  3 worms
  A dart slug (D:2)
  48 orcs
  7 ball pythons
  8 endoplasms
  2 giant cockroaches (D:2)
  8 goblins
  5 hobgoblins
  10 kobolds
  5 quokkas
  7 bats
  A frilled lizard (D:1)
  7 rats
462 creatures vanquished.

Vanquished Creatures (others)
  9 fungi
  4 plants
13 creatures vanquished.

Grand Total: 475 creatures vanquished

Notes
Turn   | Place    | Note
-------+----------+-------------------------------------------
     0 | D:1      | keekatzer the Troll Transmuter began the quest for the Orb.
     0 | D:1      | Reached XP level 1. HP: 18/18 MP: 1/1
   404 | D:1      | Reached XP level 2. HP: 26/26 MP: 1/3
   468 | D:1      | Found a faded altar of an unknown god.
   730 | D:2      | Reached XP level 3. HP: 28/32 MP: 4/4
   733 | D:2      | Learned a level 2 spell: Wereblood
   905 | D:3      | Reached skill level 1 in Ice Magic
   905 | D:3      | Reached XP level 4. HP: 29/40 MP: 4/6
   944 | D:3      | Reached skill level 1 in Fighting
   957 | D:3      | Noticed Sigmund
   988 | D:3      | Killed Sigmund
   989 | D:3      | Reached skill level 4 in Unarmed Combat
   989 | D:3      | Reached XP level 5. HP: 47/48 MP: 5/7
   989 | D:3      | Reached XP level 6. HP: 54/55 MP: 5/8
  1068 | D:4      | Learned a level 4 spell: Ice Form
  1203 | D:4      | Found a white marble altar of Elyvilon.
  1214 | D:4      | Became a worshipper of Elyvilon the Healer
  1300 | D:4      | Found a snail-covered altar of Cheibriados.
  1300 | D:4      | Found a shimmering altar of Xom.
  1327 | D:4      | Found a broken altar of Ashenzari.
  1377 | D:5      | Entered Level 5 of the Dungeon
  1450 | D:5      | Reached XP level 7. HP: 45/65 MP: 9/9
  1691 | D:5      | Reached * piety under Elyvilon
  1906 | D:5      | Found Iczuh's Distillery.
  1954 | D:5      | Reached skill level 5 in Unarmed Combat
  2175 | D:6      | Reached XP level 8. HP: 59/74 MP: 8/10
  2207 | D:6      | Noticed Eustachio
  2217 | D:6      | Killed Eustachio
  2323 | D:6      | Found a glowing silver altar of Zin.
  2372 | D:6      | Reached ** piety under Elyvilon
  2378 | D:6      | Found a staircase to the Ecumenical Temple.
  2384 | Temple   | Entered the Ecumenical Temple
  2696 | D:6      | Reached skill level 6 in Unarmed Combat
  2865 | D:6      | Reached XP level 9. HP: 83/83 MP: 7/12
  2898 | D:6      | Reached skill level 5 in Transmutations
  2904 | D:6      | Reached skill level 7 in Unarmed Combat
  2916 | D:6      | Reached skill level 5 in Ice Magic
  3247 | D:7      | Noticed Pikel
  3257 | D:7      | Killed Pikel
  3258 | D:7      | Reached skill level 8 in Unarmed Combat
  3487 | D:7      | Found a stormy altar of Qazlal.
  3499 | D:7      | Identified the ring "Wolang" {rPois rCorr Str+6}
  3509 | D:7      | Noticed Prince Ribbit
  3512 | D:7      | Killed Prince Ribbit
  3513 | D:7      | Reached XP level 10. HP: 94/94 MP: 11/13
  3517 | D:7      | Reached *** piety under Elyvilon
  3692 | D:8      | Found a glowing golden altar of the Shining One.
  3992 | D:8      | Found a staircase to the Lair.
  4159 | D:5      | Bought a potion of brilliance for 60 gold pieces
  4159 | D:5      | Bought a potion of curing for 45 gold pieces
  4159 | D:5      | Bought a potion of heal wounds for 75 gold pieces
  4159 | D:5      | Bought a potion of haste for 150 gold pieces
  4253 | Lair:1   | Entered Level 1 of the Lair of Beasts
  4261 | Lair:1   | Reached skill level 9 in Unarmed Combat
  4272 | Lair:1   | Reached skill level 5 in Fighting
  4283 | Lair:1   | Found a transporter.
  4299 | Lair:1   | Found a transporter.
  4384 | Lair:1   | Noticed a black mamba
  4391 | Lair:1   | Killed a black mamba
  4427 | Lair:1   | Reached XP level 11. HP: 60/104 MP: 11/14
  4513 | Lair:1   | Reached **** piety under Elyvilon
  4553 | Lair:1   | Reached skill level 10 in Unarmed Combat
  4783 | Lair:1   | Identified the +1 falchion "Rotrudd" {venom, rElec Str+2}
  4994 | Lair:2   | Noticed Urug
  5018 | Lair:2   | Noticed a boulder beetle
  5122 | Lair:2   | Killed a boulder beetle
  5288 | Lair:3   | Noticed Amaemon
  5303 | Lair:3   | Killed Amaemon
  5338 | Lair:3   | Reached XP level 12. HP: 100/114 MP: 12/15
  5420 | Lair:3   | Reached ***** piety under Elyvilon
  5487 | Lair:5   | Entered Level 5 of the Lair of Beasts
  5487 | Lair:5   | Noticed a six-headed hydra
  5495 | Lair:5   | Killed a six-headed hydra
  5496 | Lair:5   | Reached skill level 11 in Unarmed Combat
  5514 | Lair:5   | Reached skill level 5 in Dodging
  5525 | Lair:5   | Noticed a five-headed hydra
  5536 | Lair:5   | Killed a five-headed hydra
  5896 | Lair:5   | Noticed a four-headed hydra
  5909 | Lair:5   | Killed a four-headed hydra
  5981 | Lair:5   | Noticed a five-headed hydra
  5990 | Lair:5   | Killed a five-headed hydra
  6093 | Lair:5   | Found a runed translucent door.
  6093 | Lair:5   | Found a staircase to the Slime Pits.
  6093 | Lair:5   | Noticed an acid blob
  6212 | Lair:5   | Reached skill level 12 in Unarmed Combat
  6217 | Lair:5   | Found a large runed translucent door.
  6217 | Lair:5   | Noticed a fire dragon
  6418 | Lair:4   | Reached XP level 13. HP: 123/123 MP: 13/16
  6937 | Lair:3   | Found a hole to the Spider Nest.
  7204 | Lair:2   | Found a staircase to the Shoals.
  7228 | Lair:2   | You fall into a shaft and drop 1 floor!
  7265 | Lair:2   | Killed Urug
  7963 | Lair:1   | Reached ****** piety under Elyvilon
  8105 | Temple   | Fell from the grace of Elyvilon
  8105 | Temple   | Became a worshipper of Ru the Awakened
  8175 | D:5      | Bought 2 potions of heal wounds for 150 gold pieces
  8175 | D:5      | Bought a potion of cancellation for 120 gold pieces
  8513 | D:3      | Found a radiant altar of Vehumet.
  8580 | D:3      | Found an ancient bone altar of Kikubaaqudgha.
  8746 | D:3      | Found an iron altar of Okawaru.
  9037 | D:9      | Gained mutation: You are hated by all. [Ru sacrifice]
  9037 | D:9      | Reached * piety under Ru
  9350 | D:9      | Found a snail-covered altar of Cheibriados.
  9352 | D:9      | Found Cheibriados's Comfort Zone.
  9410 | D:9      | Found Daehuwitug's Book Shop.
  9411 | D:9      | Noticed Grum
  9429 | D:9      | Killed Grum
  9439 | D:9      | Got Sidaxt's Excursus on Hyperbolic Poison
  9600 | D:10     | Entered Level 10 of the Dungeon
  9783 | D:10     | Found a bloodstained altar of Trog.
  9952 | D:10     | Paralysed by a hornet for 1 turns
 10240 | D:11     | Reached skill level 13 in Unarmed Combat
 10265 | D:11     | Identified the +1 robe of the Yeti {Harm}
 10271 | D:11     | Identified the +7 rapier "Giant's Regret" {vorpal, Dex+4}
 10480 | D:11     | Reached XP level 14. HP: 133/133 MP: 13/18
 10612 | D:11     | Gained mutation: You take slightly more damage. (AC -5) [Ru
                  | sacrifice]
 10612 | D:11     | Reached ** piety under Ru
 10612 | D:11     | Reached *** piety under Ru
 11113 | D:12     | Found a staircase to the Orcish Mines.
 11168 | D:12     | Slain by a boulder beetle

Illustrated notes

Levels and vault maps discovered:
D:1:      lightli_arrival_noodles, layout_loops_ring,
          hellmonk_ecumenical_altar_run_dry
D:2:      layout_rooms, serial_corexii_hall, corexii_hall_statues_l,
          chequers_hall_statues_y
D:3:      layout_rooms, kiku_gazebo_garden_becter, vehumet_statue,
          okawaru_trees_1, uniq_sigmund
D:4:      layout_cave_pools, nicolae_overflow_hidden_temple,
          nicolae_overflow_two_pavilions, minmay_ruined_shrine
D:5:      layout_loops_corners, serial_shops, nicolae_take_the_stairs,
          minmay_stone_trees_small, minmay_misc_feat_x, minmay_misc_feat_cross,
          hangedman_decor_riveting, grunt_ministairs_11
D:6:      wad_guarded_room, layout_rooms, zin_academy, minmay_temple_entry_hall,
          minivault_25, lemuel_another_geyser, uniq_eustachio
D:7:      layout_layer_cave, mainiacjoe_overflow_small_starburst,
          dreamdust_gnoll_shepherd, uniq_pikel, uniq_prince_ribbit1
D:8:      layout_basic, nicolae_tso_carved_into_rock, lair_entry_dummy,
          serial_park_tiny_2, kennysheep_generic_room_6
D:9:      layout_roguey, serial_shops, nicolae_square_shop, minmay_shop_chei,
          minmay_misc_feat_tiny, patterned_corridor, uniq_grum
D:10:     layout_loops_ring, trog_butcher_becter, minmay_misc_feat_pillars
D:11:     layout_rooms
D:12:     layout_roguey, hiddenorc1_lemuel
Temple:   minmay_temple_forest_path
Lair:1:   gammafunk_worm_tunnel, layout_cellular_growth, st_stairs_13,
          serial_bayou_crossing, grunt_megastairs_3, lemuel_fruit_tree
Lair:2:   layout_layer_cave, shoals_dummy_entry, infiniplex_staircase_pool,
          grunt_megastairs_5, uniq_urug
Lair:3:   layout_regular_city, hellmonk_spider_entry_not_the_bees, uniq_amaemon
Lair:4:   layout_hall_layers, beast_lair_carwin_9
Lair:5:   cheibrodos_lair_end_hotspot, layout_regular_city, slime_entry_2

Skill      XL: |  1  2  3  4  5  6  7  8  9 10 11 12 13 |
---------------+----------------------------------------+-----
Transmutations | 2 3 4 5 6 7 8 9 |  9.7
Spellcasting   | 2 3 |  3.6
Ice Magic      | 1 2 3 4 5 6 7 8 9 |  9.6
Fighting       | 1 2 3 4 5 6 7 |  7.9
Unarmed Combat | 4 5 6 8 9 10 12 13 | 13.3
Dodging        | 2 3 4 5 6 |  6.7
Evocations     | |  0.6

Action                   |  1- 3 |  4- 6 |  7- 9 | 10-12 | 13-15 || total
-------------------------+-------+-------+-------+-------+-------++-------
Melee: Unarmed           |    81 |    75 |   194 |   386 |   503 ||  1239
       Kick              |     3 |     9 |    15 |       |       ||    27
       Punch             |     1 |     1 |     5 |     2 |     2 ||    11
       Headbutt          |       |     9 |    11 |       |       ||    20
 Cast: Beastly Appendage |     5 |     6 |    11 |       |       ||    22
       Wereblood         |       |     2 |     8 |    15 |    21 ||    46
       Ice Form          |       |       |     8 |    26 |    35 ||    69
Invok: Heal Self         |       |       |       |     6 |       ||     6
       Sacrifice Love    |       |       |       |       |     1 ||     1
       Draw Out Power    |       |       |       |       |     1 ||     1
       Sacrifice Health  |       |       |       |       |     1 ||     1
  Use: Scroll            |       |       |       |     5 |     3 ||     8
       Potion            |       |       |       |     3 |     1 ||     4
 Stab: Sleeping          |     1 |       |     1 |     2 |     2 ||     6
       Distracted        |       |       |       |       |     2 ||     2
Armor: Robe              |    12 |    24 |    28 |     2 |     9 ||    75
       Skin              |       |       |    23 |    90 |   105 ||   218
       Troll leather arm |       |       |       |       |     1 ||     1
Dodge: Dodged            |    43 |    44 |    61 |   196 |   171 ||   515
